 Dungeon Crawl Stone Soup version 0.31-a0-590-g8a5a4361df (webtiles) character file.

Game seed: 6078130178015136794

1567797 motkurizz the Maledictor (level 26, 245/245 HPs)
             Began as a Purple Draconian Ice Elementalist on Aug 19, 2023.
             Was the Champion of Okawaru.
             Escaped with the Orb
             ... and 3 runes on Aug 20, 2023!
             The game lasted 05:22:18 (79875 turns).

motkurizz the Maledictor (DrIE)                    Turns: 79875, Time: 05:22:19

Health: 245/245    AC: 18    Str: 11    XL:     26   Next: 55%
Magic:  50/50      EV: 37    Int: 25    God:    Okawaru [******]
Gold:   5025       SH: 33    Dex: 26    Spells: 11/53 levels left

rFire   + + .        a - +8 Vampire's Tooth {megavamp}
rCold   + . .        z - +8 tower shield {reflect}
rNeg    + + +        (body armour unavailable)
rPois   +            F - +2 hood of the Assassin {Detect Stab+ Stlth++}
rElec   +            Q - scarf of a volcano {rC+ rF+, Drain rN++}
rCorr   .            r - +2 pair of gloves
SInv    .            E - +0 pair of boots "Nishranlo" {MP+9 Str+4 Dex+2}
Will    +++..        m - amulet of Foqo {Faith rF- rN++ Regen+ Slay+3}
Stlth   +++          q - ring of the Visionary {rPois rF+ EV+5}
HPRegen 1.40/turn    O - ring "Conaphid" {rElec rN+ Dex+6}
MPRegen 0.32/turn

%: reflection, faith
@: studying Ranged Weapons
A: breathe power, AC +12, unfitting armour, cold-blooded, hooves 1, clever 1,
fire resistance 1, weak 1
0: Orb of Zot
}: 3/15 runes: barnacled, silver, gossamer
a: Breathe Dispelling Energy, Renounce Religion, Heroism, Finesse, Duel


You escaped.
You worshipped Okawaru.
Okawaru was exalted by your worship.
You visited 10 branches of the dungeon, and saw 48 of its levels.
You visited the Abyss 1 time.
You visited 1 bazaar.
You also visited: Sewer, Bailey, Gauntlet, Ice Cave and Wizlab.

You collected 8700 gold pieces.
You spent 3675 gold pieces at shops.

Inventory:

Hand Weapons
 a - the +8 Vampire's Tooth (weapon) {megavamp}
   (You found it on level 10 of the Dungeon)
 b - a +9 heavy quick blade
 Y - the +7 quick blade of the Powerful God {flame, rC+ rCorr}
   (You acquired it on level 1 of the Lair of Beasts)

   rC+:       It protects you from cold.
   rCorr:     It protects you from acid and corrosion.
Missiles
 s - 8 throwing nets
Armour
 r - a +2 pair of gloves (worn)
 u - the +1 hat of motkurizz's Valiance {rElec rF+ Int+4}
   (Okawaru gifted it to you on level 1 of the Vaults)

   Int+4:     It affects your intelligence (+4).
   rF+:       It protects you from fire.
   rElec:     It insulates you from electricity.
 z - a +8 tower shield of reflection (worn)
 E - the +0 pair of boots "Nishranlo" (worn) {MP+9 Str+4 Dex+2}
   (Okawaru gifted it to you on level 2 of the Depths)

   Str+4:     It affects your strength (+4).
   Dex+2:     It affects your dexterity (+2).
   MP+9:      It affects your magic capacity (+9).
 F - the +2 hood of the Assassin (worn) {Detect Stab+ Stlth++}
   (You found it in a Gauntlet)

   Detect:    It allows the wearer to sense nearby creatures.
   Stab+:     It allows the wearer to make particularly effective stabbing
   attacks against helpless or unaware enemies with any weapon.
   Stlth++:   It makes you much more stealthy.
 L - the +0 pair of boots of Jigsaw {+Blink rPois rC+ Int+3}
   (Okawaru gifted it to you in an ice cave)

   Int+3:     It affects your intelligence (+3).
   rC+:       It protects you from cold.
   rPois:     It protects you from poison +Blink: It lets you blink.
 Q - the scarf of a volcano (worn) {rC+ rF+, Drain rN++}
   (Okawaru gifted it to you on level 14 of the Dungeon)

   rN++:      It greatly protects you from negative energy.
   Drain:     It drains your maximum health when unequipped.
 X - the +0 cloak "Weelimim" {rElec Str+4 Dex-2 Stlth+}
   (You found it on level 5 of the Lair of Beasts)

   Str+4:     It affects your strength (+4).
   Dex-2:     It affects your dexterity (-2).
   rElec:     It insulates you from electricity.
   Stlth+:    It makes you more stealthy.
Jewellery
 m - the amulet of Foqo (around neck) {Faith rF- rN++ Regen+ Slay+3}
   (You took it off a deep elf annihilator on level 3 of the Elven Halls)

   [amulet of faith]

   Faith:     It allows you to gain divine favour quickly.
   Slay+3:    It affects your accuracy & damage with ranged weapons and melee
   (+3).
   rF-:       It makes you vulnerable to fire.
   rN++:      It greatly protects you from negative energy.
   Regen+:    It increases your rate of health regeneration.
 p - the ring of the Empty Page {rElec rCorr Dex-4 SInv}
   (You found it on level 3 of the Vaults)

   [ring of resist corrosion]

   Dex-4:     It affects your dexterity (-4).
   rElec:     It insulates you from electricity.
   SInv:      It lets you see invisible.
   rCorr:     It protects you from acid and corrosion.
 q - the ring of the Visionary (left hand) {rPois rF+ EV+5}
   (You found it on level 1 of the Depths)

   [ring of evasion]

   EV+5:      It affects your evasion (+5).
   rF+:       It protects you from fire.
   rPois:     It protects you from poison
 y - a ring of positive energy
 D - a ring of see invisible
 I - the amulet of Ythac {Reflect rC+ SH+5}
   (You bought it in a shop on level 2 of the Orcish Mines)

   [amulet of reflection]

   Reflect:   It reflects blocked missile attacks.
   rC+:       It protects you from cold.
   SH+5:      It affects your SH (+5).
 O - the ring "Conaphid" (right hand) {rElec rN+ Dex+6}
   (You took it off a deep elf archer on level 3 of the Elven Halls)

   [ring of dexterity]

   Dex+6:     It affects your dexterity (+6).
   rElec:     It insulates you from electricity.
   rN+:       It protects you from negative energy.
Wands
 f - a wand of flame (46)
 w - a wand of mindburst (16)
 x - a wand of iceblast (28)
 J - a wand of acid (20)
 N - a wand of digging (36)
 S - a wand of paralysis (57)
Scrolls
 c - 6 scrolls of immolation
 g - 15 scrolls of teleportation
 h - 8 scrolls of fog
 l - 10 scrolls of poison
 B - 3 scrolls of blinking
 C - 4 scrolls of silence
 G - 9 scrolls of vulnerability
 R - 4 scrolls of fear
 T - 6 scrolls of enchant armour
Potions
 d - 8 potions of ambrosia
 e - 4 potions of berserk rage
 i - 12 potions of might
 j - 5 potions of enlightenment
 k - 19 potions of curing
 n - 2 potions of invisibility
 o - 2 potions of magic
 t - 4 potions of heal wounds
 v - 7 potions of brilliance
 A - 7 potions of resistance
 H - 10 potions of cancellation
 P - 7 potions of attraction
 U - 6 potions of haste
 W - 6 potions of mutation
Miscellaneous
 K - a phial of floods
 Z - a condenser vane


   Skills:
 * Level 21.6 Fighting
 + Level 16.1 Short Blades
 + Level 21.5 Dodging
 + Level 16.1 Stealth
 + Level 21.3 Shields
 - Level 14.0 Spellcasting
 - Level 23.0 Hexes
 - Level 1.0 Fire Magic
 - Level 9.0 Ice Magic
 - Level 11.0 Invocations
 - Level 4.0 Evocations


You had 11 spell levels left.
You knew the following spells:

 Your Spells              Type           Power      Damage    Failure   Level
a - Ozocubu's Armour      Ice            58%        N/A       1%          3
b - Metabolic Englaciati  Hex/Ice        39%        N/A       1%          5
c - Inner Flame           Hex/Fire       67%        N/A       1%          3
d - Discord               Hex            46%        N/A       3%          8
e - Enfeeble              Hex            46%        N/A       1%          7
f - Dazzling Flash        Conj/Hex       100%       N/A       1%          3
g - Cause Fear            Hex            46%        N/A       0%          4
h - Yara's Violent Unrav  Hex/Tmut       33%        3d14      1%          5
i - Freeze                Ice            100%       1d10      1%          1
r - Frozen Ramparts       Ice            100%       1d16      1%          3

Your spell library contained the following spells:

 Spells                   Type           Power      Damage    Failure   Level
 Slow                     Hex            100%       N/A       0%          1
 Ensorcelled Hibernation  Hex/Ice        100%       N/A       0%          2
 Confusing Touch          Hex            93%        N/A       0%          3
 Portal Projectile        Hex/Tloc       100%       N/A       1%          3
 Anguish                  Hex/Necr       33%        N/A       1%          4
 Fulminant Prism          Conj/Hex       33%        3d16      1%          4
 Hailstorm                Conj/Ice       40%        3d10      3%          3
 Foxfire                  Conj/Fire      80%        2x1d8     5%          1
 Kiss of Death            Conj/Necr      68%        2d10      7%          1
 Magic Dart               Conj           68%        1d6       7%          1
 Sting                    Tmut/Pois      68%        1d6       7%          1
 Scorch                   Fire           44%        2d6       7%          2
 Cigotuvi's Dreadful Rot  Necr/Pois/Air  34%        N/A       11%         2
 Lesser Beckoning         Tloc           34%        N/A       11%         2
 Poisonous Vapours        Pois/Air       34%        N/A       11%         2
 Searing Ray              Conj           34%        2d5       11%         2
 Wereblood                Tmut           17%        N/A       11%         2
 Volatile Blastmotes      Fire/Tloc      40%        2d13      17%         3
 Gell's Gravitas          Tloc           17%        N/A       21%         3
 Mephitic Cloud           Conj/Pois/Air  17%        N/A       21%         3
 Teleport Other           Tloc           17%        N/A       21%         3
 Vampiric Draining        Necr           17%        2d7       21%         3
 Vhi's Electric Charge    Tloc/Air       34%        N/A       21%         3
 Flame Wave               Conj/Fire      20%        2d7       50%         4
 Sticky Flame             Conj/Fire      20%        2d4       50%         4
 Freezing Cloud           Conj/Ice/Air   16%        6-21      50%         5
 Dispel Undead            Necr           17%        3d10      56%         4
 Iskenderun's Mystic Bla  Conj/Tloc      17%        2d5       56%         4
 Olgreb's Toxic Radiance  Pois           17%        N/A       56%         4
 Passage of Golubria      Tloc           17%        N/A       56%         4
 Ozocubu's Refrigeration  Ice            29%        4d13      82%         7
 Fireball                 Conj/Fire      10%        3d6       83%         5
 Alistair's Intoxication  Tmut/Pois      11%        N/A       88%         5
 Arcjolt                  Conj/Air       8%         1d18      88%         5
 Borgnjor's Vile Clutch   Necr/Erth      8%         N/A       88%         5
 Irradiate                Conj/Tmut      8%         3d14      88%         5
 Iskenderun's Battlesphe  Conj           17%        2d7       88%         5
 Lee's Rapid Deconstruct  Erth           8%         3d7*      88%         5
 Conjure Ball Lightning   Conj/Air       8%         3x3d6     100%        6
 Dispersal                Tloc           8%         N/A       100%        6
 Eringya's Noxious Bog    Tmut/Pois      8%         4d6       100%        6
 Leda's Unmaking          Conj/Erth      8%         9d2       100%        6
 Plasma Beam              Fire/Air       10%        2x1d21    100%        6
 Starburst                Conj/Fire      10%        6d5       100%        6
 Borgnjor's Revivificati  Necr           8%         N/A       100%        8
 Disjunction              Tloc           8%         N/A       100%        8
 Maxwell's Capacitive Co  Air            8%         ∞         100%        8
 Chain Lightning          Conj/Air       8%         3d11      100%        9
 Fire Storm               Conj/Fire      10%        8d3       100%        9
 Shatter                  Erth           8%         3d10*     100%        9
 Tukima's Dance           Hex            Unusable   N/A       N/A         3
 Call Imp                 Summ           Unusable   N/A       N/A         2
 Summon Ice Beast         Ice/Summ       Unusable   N/A       N/A         4
 Animate Armour           Summ/Erth      Unusable   N/A       N/A         4
 Animate Dead             Necr           Unusable   N/A       N/A         4
 Summon Lightning Spire   Summ/Air       Unusable   N/A       N/A         4
 Simulacrum               Ice/Necr       Unusable   N/A       N/A         6
 Summon Forest            Summ/Tloc      Unusable   N/A       N/A         5
 Death Channel            Necr           Unusable   N/A       N/A         6
 Summon Cactus Giant      Summ           Unusable   N/A       N/A         6
 Haunt                    Necr/Summ      Unusable   N/A       N/A         7
 Spellforged Servitor     Conj/Summ      Unusable   N/A       N/A         7
 Dragon's Call            Summ           Unusable   N/A       N/A         9

Dungeon Overview and Level Annotations

Branches:
Dungeon (15/15)            Temple (1/1) D:6            Lair (5/5) D:9
 Shoals (4/4) Lair:3       Spider (4/4) Lair:3        Slime (0/5) Lair:5
    Orc (2/2) D:9             Elf (3/3) Orc:2        Vaults (5/5) D:14
  Crypt (0/3) Vaults:2     Depths (4/4) D:15            Zot (5/5) Depths:4
  Sewer (visited)          Bailey (visited)           IceCv (visited)
 WizLab (visited)         Gauntlet (visited)

Altars:
Ashenzari
Cheibriados
Dithmenos
Elyvilon
Fedhas
Gozag
Hepliaklqana
Kikubaaqudgha
Makhleb
Nemelex Xobeh
Okawaru
Qazlal
Ru
Sif Muna
Trog
Uskayaw
Vehumet
Wu Jian
Xom
Yredelemnul
Zin
The Shining One
Jiyva

Shops:
Orc:2 :*[(*   Elf:1 [(!   Elf:2 :   Elf:3 (   Shoals:3 *   Vaults:1 ?
Vaults:2 *(*!*   Depths:4 =

Portals:
Hell: Depths:1 Depths:2 Depths:3 Depths:4
Abyss: Depths:2 Depths:3
Pandemonium: Depths:1 Depths:2
Ziggurat: Depths:4
Trove: D:10 (give 7 scrolls of fear)

Annotations:
D:2 exclusion: downstairs
D:3 exclusion: downstairs
D:13 2 transporters, eelars's ghost, journeyman DESu
Lair:5 exclusion: obsidian statue
Depths:1 3 exclusions


Innate Abilities, Weirdness & Mutations

You can breathe bolts of dispelling energy.
Your rich purple scales are hard. (AC +12)
You cannot fit into any form of body armour.
You are cold-blooded and may be slowed by cold attacks.
You have large cloven feet.
Your mind is acute. (Int +4, Str/Dex -1)
Your flesh is heat resistant. (rF+)
You are weak. (Str -2)


Message History

The Orb Guardian moves out of view.
There is a stone staircase leading up here.
You climb upwards.
There is a stone staircase leading down here.
What level of the Dungeon? (default 1, ? - help)
Things that are here:
a +0 club; a +0 sling You sense a monster nearby.
There is a stone staircase leading up here.
You climb upwards.
Level annotation: exclusion: downstairs
There is a stone staircase leading down here.
What level of the Dungeon? (default 1, ? - help)
A blizzard demon comes into view.
Casting: Enfeeble (mildly dangerous; 1% risk of failure)
Confirm with . or Enter, or press ? or * to list all spells.
Aiming: Enfeeble (mildly dangerous; 1% risk of failure)
Press: ? - help, Shift-Dir - straight line, f - blizzard demon
Aim: a blizzard demon (will inflict weakness and antimagic, chance to daze and blind: 36%)
The blizzard demon is enfeebled!
The blizzard demon falters for a moment.
You block the blizzard demon's attack. The blizzard demon misses you.
You hit the blizzard demon. You tail-slap the blizzard demon.
You catch the helpless blizzard demon completely off-guard!
You stick the blizzard demon like a pincushion!!!
You kill the blizzard demon!
Okawaru accepts your kill.
No target in view!
What level of the Dungeon? (default 1, ? - help)
There is a stone staircase leading up here.
You climb upwards.
Level annotation: exclusion: downstairs
There is a stone staircase leading down here.
There is a stone staircase leading up here.
You climb upwards.
There is a stone staircase leading down here.
Magic restored.
There is an open door here.
There is a staircase leading out of the dungeon here.
You have escaped!

##########
........>######
.###..........####
.# #.............#
.# #...........#'#
.# #...........#@#
.# #...........#'#
.# #.............#
.# #..........####
.# #...........#
## #...........#
#...........#
####...........#
..###.....#..#.#


There were no monsters in sight!

Vanquished Creatures
  2 dread liches
  Mara (Spider:3)
  4 ancient liches
  5 orbs of fire
  Sojobo (Arena)
  6 Killer Klowns
  Parghit (Zot:2)
  Saint Roka (Vaults:5)
  Bai Suzhen (Vaults:4)
  The ghost of Gaexku the Warrior, a veteran DrSh of Okawaru (Depths:2)
  the Enchantress (D:14)
  7 golden dragons
  A bone dragon (Depths:2)
  A doom hound (Zot:1)
  2 electric golems (Zot:5)
  The ghost of Nacwyfagh the Slayer, an adept MiFi of Okawaru (Spider:3)
  22 Orb Guardians
  A walking earthen tome (Arena)
  4 liches
  17 tentacled monstrosities
  6 quicksilver dragons
  4 titans
  3 deep elf blademasters
  2 deep elf master archers (Elf:3)
  A tentacled starspawn (Abyss:1)
  9 sphinxes
  An ancient champion (WizLab)
  A walking divine tome (Depths:4)
  Polyphemus (Shoals:3)
  Frances (Spider:1)
  6 death cobs
  A kraken (Shoals:2)
  An Executioner (Depths:4)
  6 tengu reavers
  Kirke (Spider:1)
  11 storm dragons
  An azure jelly (Depths:2)
  Ilsuiw (Shoals:3)
  5 draconian knights
  4 draconian monks
  11 shadow dragons
  Louise (Depths:3)
  11 frost giants
  A balrug (Depths:1)
  8 ghost moths
  14 vault wardens
  12 fire giants
  4 deep elf sorcerers
  An iron dragon (Vaults:5)
  9 deep elf elementalists (Elf:3)
  2 draconian scorchers
  4 emperor scorpions (Spider:4)
  A draconian shifter (Zot:4)
  4 spriggan defenders
  2 orc warlords
  3 war gargoyles
  The ghost of Vorhees the Protected, a journeyman GnWn of Ashenzari (Orc:2)
  2 formless jellyfish
  8 draconian annihilators
  23 ironbound preservers
  7 green draconians
  7 ironbound thunderhulks
  16 very ugly things
  4 deep elf demonologists (Elf:3)
  10 stone giants
  2 vampire knights
  11 dire elephants
  6 black draconians
  5 white draconians
  9 purple draconians
  A yellow draconian (Zot:1)
  6 red draconians
  A minotaur (Gauntlet)
  5 deep elf annihilators
  6 merfolk javelineers
  14 spark wasps
  An eidolon (Abyss:1)
  7 merfolk impalers
  A blizzard demon (D:3)
  5 crystal guardians
  The ghost of octothorp the Grappler, a journeyman OgSh of Ru (Lair:2)
  10 deep elf death magi
  11 ettins
  7 fire dragons
  An entropy weaver (shapeshifter) (D:13)
  7 entropy weavers
  Josephine (Shoals:1)
  14 yaktaur captains
  4 deep elf high priests
  4 great orbs of eyes
  Erolcha (D:10)
  14 ice dragons
  A hell beast (Depths:2)
  12 vault guards
  3 rakshasas
  3 peacekeepers
  6 hydras
  11 ironbound frosthearts
  5 spriggan air magi
  2 alligator snapping turtles
  5 merfolk aquamancers
  7 boulder beetles
  3 ogre magi
  7 merfolk avatars
  A jorogumo (Spider:3)
  5 centaur warriors
  4 catoblepae
  2 satyrs
  3 radroaches
  8 two-headed ogres
  9 death yaks
  26 dancing weapons
  2 hell hogs
  A vampire mage (Depths:4)
  5 tengu warriors
  7 demonic crawlers
  A thrashing horror (Abyss:1)
  2 deep troll shamans (Depths:2)
  6 deep troll earth magi
  7 spriggan berserkers
  3 hell knights
  3 sun demons (Depths:1)
  5 orc high priests (Orc:2)
  16 deep elf knights
  2 soul eaters (Depths:1)
  5 skysharks
  4 sun moths
  A death drake (Depths:4)
  2 iron trolls
  6 large abominations (Abyss:1)
  Amaemon (Lair:2)
  4 pharaoh ants (Spider:3)
  A glowing orange brain (shapeshifter) (Vaults:5)
  6 glowing orange brains
  12 skeletal warriors
  12 sea snakes
  9 orb spiders
  A spectral anaconda (Lair:5)
  A flayed ghost (Depths:2)
  58 deep trolls
  7 ironbound convokers
  11 deep elf archers
  5 phantasmal warriors
  10 lindwurms
  13 wizards
  An obsidian statue (Zot:5)
  A swamp dragon (shapeshifter) (Vaults:5)
  2 bog bodies (IceCv)
  20 orc knights
  31 harpies
  20 deep elf pyromancers
  4 steelbarb worms
  24 deep elf zephyrmancers
  5 necromancers
  2 cyclopes (shapeshifter)
  23 wolf spiders
  36 ugly things
  3 cyclopes
  A faun (shapeshifter) (Elf:3)
  12 fauns
  A shining eye (shapeshifter) (Vaults:4)
  5 merfolk sirens
  20 moths of wrath
  16 elephants
  12 manticores
  9 vault sentinels
  6 black mambas
  A naga zombie (Abyss:1)
  2 ice statues
  A guardian serpent (shapeshifter) (D:11)
  8 water nymphs
  4 torpor snails
  7 smoke demons
  2 orange demons
  2 naga magi (Vaults:4)
  3 gargoyles
  2 efreet
  27 cane toads
  A rime drake (shapeshifter) (Elf:2)
  6 rime drakes
  2 kobold demonologists
  2 unseen horrors
  A hellion (Depths:2)
  6 komodo dragons
  21 yaktaurs
  A freezing wraith (Vaults:5)
  6 tengu conjurers
  2 anaconda simulacra (IceCv)
  2 ancient zymes (Abyss:1)
  2 ice devils
  47 merfolk
  2 red devils
  A queen bee (Lair:2)
  5 trolls
  A wind drake (shapeshifter) (D:14)
  2 polar bears
  5 wind drakes
  2 tyrant leeches (D:10)
  13 hornets
  A raiju (Abyss:1)
  15 tarantellas
  10 blink frogs
  2 hellwings
  24 slime creatures
  5 snapping turtles
  6 dream sheep
  3 spriggans
  3 air elementals
  14 jumping spiders
  23 water elementals
  An ettin skeleton (Abyss:1)
  2 shadows
  2 ynoxinuls
  12 culicivoras
  48 yaks
  7 vampires
  17 wyverns
  2 fire elementals
  8 basilisks
  7 humans (Spider:1)
  11 wraiths
  2 starcursed masses (Abyss:1)
  4 chaos spawn
  The ghost of Shym the Shield-Bearer, an amateur FoFi (D:3)
  2 neqoxecs
  3 death yak simulacra
  34 redbacks
  15 vampire mosquitoes
  A steam dragon (D:9)
  4 wargs
  4 spectral cane toads (Lair:5)
  12 water moccasins
  2 acid dragons
  3 two-headed ogre zombies (WizLab)
  A harpy simulacrum (IceCv)
  A hell hound (Lair:3)
  4 hydra simulacra (IceCv)
  2 floating eyes
  5 small abominations (Abyss:1)
  2 black bears (Lair:1)
  An ice beast (D:7)
  38 orc warriors
  An elephant zombie (Lair:5)
  2 sky beasts
  12 boggarts
  An elephant skeleton (Lair:5)
  3 wolves (Lair:1)
  8 centaurs
  7 ogres
  3 phantoms
  13 bullfrogs
  3 kobold brigands
  3 cane toad simulacra (IceCv)
  An earth elemental (Elf:1)
  2 two-headed ogre simulacra (IceCv)
  9 scorpions
  17 wights
  11 troll zombies (WizLab)
  4 elephant simulacra
  7 killer bees (Lair:2)
  The ghost of Maratek the Trooper, a weakling OpFi (D:3)
  3 howler monkeys
  A crimson imp (D:6)
  A lava snake (D:8)
  3 centaur zombies (D:6)
  The ghost of MrCrawl the Firebug, a weakling TeFE (D:3)
  2 bullfrog zombies (D:6)
  A human zombie (D:6)
  A jelly (D:8)
  Crazy Yiuf (D:4)
  36 orc priests
  A gnoll bouda (D:6)
  5 hounds
  4 iguanas
  An iron imp (Abyss:1)
  Ijyb (D:3)
  A sleepcap (D:5)
  Natasha (thrice) (D:4)
  19 orc wizards
  A polar bear simulacrum (IceCv)
  8 hell rats (Lair:3)
  5 spriggan simulacra (IceCv)
  6 troll simulacra (IceCv)
  6 wolf simulacra (IceCv)
  4 ogre zombies (WizLab)
  The ghost of casual the Insei, a weakling MeMo (D:3)
  4 gnolls (D:6)
  8 naga simulacra (IceCv)
  12 adders
  4 river rats (Sewer)
  3 shadow imps
  10 white imps
  5 ufetubi
  5 worms
  2 dart slugs
  103 orcs
  7 endoplasms
  4 giant cockroaches
  11 goblins
  20 hobgoblins
  5 jackals
  2 quokkas
  10 ball pythons
  4 bats
  10 frilled lizards
  33 kobolds
  13 rats
  3 tentacles (Shoals:2)
2128 creatures vanquished.

Vanquished Creatures (collateral kills)
  3 ancient liches
  A Killer Klown (Zot:5)
  A golden dragon (Zot:4)
  A doom hound (Zot:1)
  An electric golem (Zot:2)
  3 tentacled monstrosities
  Grunn (Zot:1)
  2 Orb Guardians (Zot:5)
  A death cob (Zot:4)
  An acid blob (Depths:2)
  3 quicksilver dragons
  2 draconian monks
  A tengu reaver (Vaults:5)
  2 shadow dragons (Zot:4)
  2 azure jellies (Depths:2)
  3 storm dragons
  2 draconian knights
  2 emperor scorpions (Spider:3)
  A fire giant (Vaults:5)
  A deep elf sorcerer (Vaults:5)
  An iron dragon (Vaults:5)
  3 draconian scorchers
  2 quicksilver oozes (Depths:2)
  3 draconian stormcallers
  A draconian shifter (Zot:4)
  7 draconian annihilators
  4 green draconians
  6 white draconians
  2 red draconians
  4 yellow draconians
  6 black draconians
  8 purple draconians
  2 deep elf death magi (Vaults:5)
  An ettin (Vaults:5)
  A fire dragon (Depths:4)
  A great orb of eyes (Depths:2)
  19 vault guards (Vaults:5)
  A yaktaur captain (Vaults:3)
  3 dancing weapons (Elf:2)
  A two-headed ogre (shapeshifter) (Vaults:5)
  A death scarab (Spider:3)
  2 spriggan berserkers (Depths:4)
  4 hell knights
  2 deep elf knights (Elf:2)
  A death drake (Depths:4)
  A glowing orange brain (Depths:2)
  A glowing orange brain (shapeshifter) (Depths:4)
  A phantasmal warrior (Vaults:5)
  A wolf spider (Spider:3)
  An orange crystal statue (Vaults:3)
  A deep elf zephyrmancer (Elf:2)
  An ironbound convoker (Vaults:3)
  A deep elf pyromancer (Elf:2)
  2 ugly things (Depths:2)
  2 cyclopes (shapeshifter) (Vaults:5)
  6 moths of wrath
  3 eyes of devastation (Depths:2)
  A vault sentinel (Vaults:3)
  2 hornets
  A tarantella (Vaults:5)
  2 spriggans
  4 redbacks (Vaults:5)
  4 orcs (Vaults:5)
  A frilled lizard (shapeshifter) (Vaults:3)
  A spectral weapon (Zot:5)
157 creatures vanquished.

Vanquished Creatures (others)
  A doom hound (Zot:1)
  A tentacled monstrosity (Zot:4)
  3 Orb Guardians (Zot:5)
  A death cob (Zot:4)
  A shadow dragon (Zot:1)
  A tengu reaver (Vaults:5)
  A draconian monk (Depths:4)
  A frost giant (Depths:2)
  3 draconian scorchers (Zot:4)
  A draconian stormcaller (Zot:4)
  3 draconian annihilators
  A very ugly thing (Depths:2)
  2 green draconians
  4 red draconians
  A yellow draconian (Zot:1)
  2 black draconians
  An entropy weaver (Spider:3)
  4 vault guards (Vaults:5)
  A tengu warrior (Depths:2)
  2 hell knights
  2 deep elf knights (Elf:2)
  A pharaoh ant (Spider:3)
  A death drake (Depths:4)
  A deep troll (Depths:1)
  An orb spider (Spider:4)
  2 orc knights (Vaults:5)
  A necromancer (Depths:3)
  2 deep elf pyromancers (Elf:1)
  A deep elf zephyrmancer (Elf:2)
  4 moths of wrath
  A red devil (Depths:4)
  A hornet (Depths:4)
  3 spriggans
  2 water elementals
  2 orc warriors (Vaults:5)
  An orc wizard (Vaults:5)
  An orc (Vaults:5)
  2 starspawn tentacles (Abyss:1)
  12 tentacles (Shoals:2)
76 creatures vanquished.

Grand Total: 2361 creatures vanquished

Notes
Turn   | Place    | Note
-------+----------+-------------------------------------------
     0 | D:1      | motkurizz the Draconian Ice Elementalist began the quest
                  | for the Orb.
     0 | D:1      | Reached XP level 1. HP: 14/14 MP: 3/3
   322 | D:1      | Found a faded altar of an unknown god.
   427 | D:1      | Reached XP level 2. HP: 20/20 MP: 1/5
  1427 | D:2      | Reached XP level 3. HP: 26/26 MP: 4/6
  1438 | D:2      | Learned a level 3 spell: Ozocubu's Armour
  1902 | D:2      | Learned a level 3 spell: Frozen Ramparts
  2228 | D:3      | Noticed Ijyb
  2421 | D:3      | Reached skill level 5 in Ice Magic
  2444 | D:3      | Reached XP level 4. HP: 33/33 MP: 3/8
  2771 | D:3      | Identified the +1 robe of the Blind Marksman {rElec rN+
                  | Int+3}
  2952 | D:3      | Found a runed translucent gate.
  2952 | D:3      | Found a runed translucent gate.
  2952 | D:3      | Found a runed translucent gate.
  2954 | D:3      | Noticed Maratek's ghost (weakling OpFi)
  2954 | D:3      | Noticed Shym's ghost (amateur FoFi)
  2955 | D:3      | Noticed MrCrawl's ghost (weakling TeFE)
  2955 | D:3      | Noticed casual's ghost (weakling MeMo)
  3221 | D:3      | Killed Ijyb
  3375 | D:4      | Noticed Natasha
  3378 | D:4      | Killed Natasha
  3379 | D:4      | Reached XP level 5. HP: 29/38 MP: 6/9
  3676 | D:4      | Noticed Natasha
  3728 | D:4      | Killed Natasha
  3729 | D:4      | Reached skill level 1 in Fighting
  3884 | D:4      | Noticed Natasha
  3888 | D:4      | Killed Natasha
  3889 | D:4      | Reached XP level 6. HP: 51/51 MP: 3/10
  4074 | D:4      | Found a runed translucent door.
  4075 | D:4      | Noticed Crazy Yiuf
  4471 | D:4      | Reached skill level 5 in Fighting
  4651 | D:4      | Noticed a hornet
  4667 | D:4      | Killed a hornet
  4668 | D:4      | Your scales start taking on a rich purple colour.
  4668 | D:4      | Reached XP level 7. HP: 37/64 MP: 0/12
  5026 | D:4      | Killed Crazy Yiuf
  5180 | D:5      | Entered Level 5 of the Dungeon
  6225 | D:6      | Reached XP level 8. HP: 73/73 MP: 11/14
  6372 | D:6      | Reached skill level 1 in Short Blades
  6380 | D:6      | Found a burning altar of Makhleb.
  6381 | D:6      | Found a radiant altar of Vehumet.
  6425 | D:6      | Found a staircase to the Ecumenical Temple.
  6440 | Temple   | Entered the Ecumenical Temple
  6464 | Temple   | Became a worshipper of Warmaster Okawaru
  6551 | D:6      | Found a glowing drain.
  6565 | Sewer    | Entered a sewer
  6936 | D:6      | Found a hide-covered altar of Uskayaw.
  6941 | D:6      | Found a glowing silver altar of Zin.
  6944 | D:6      | Found a basalt altar of Yredelemnul.
  7049 | D:6      | Reached * piety under Okawaru
  7096 | D:6      | Reached XP level 9. HP: 82/82 MP: 11/15
  7456 | D:7      | Reached skill level 5 in Short Blades
  7522 | D:7      | Reached skill level 1 in Invocations
  7703 | D:7      | Found a flagged portal.
  7719 | Bailey   | Entered a bailey
  7726 | Bailey   | Noticed an orc warlord
  7847 | Bailey   | Noticed an orc knight
  7861 | Bailey   | Killed an orc knight
  7861 | Bailey   | Reached ** piety under Okawaru
  7862 | Bailey   | Reached skill level 5 in Dodging
  8023 | Bailey   | Found a runed translucent gate.
  8025 | Bailey   | Found a runed translucent gate.
  8027 | Bailey   | Found a runed translucent gate.
  8369 | Bailey   | Identified the +4 sling "Epnuhy" {flame, rF+}
  9041 | D:7      | Found a shadowy altar of Dithmenos.
  9199 | D:8      | Reached XP level 10. HP: 91/92 MP: 12/16
  9336 | D:8      | Reached *** piety under Okawaru
 10128 | D:8      | Received a gift from Okawaru
 10129 | D:8      | Reached skill level 10 in Fighting
 10207 | D:8      | Got the Incunabulum of Hypothermia
 10270 | D:8      | Found a runed translucent door.
 10460 | D:8      | Found a runed translucent gate.
 10460 | D:8      | Found a runed translucent gate.
 10460 | D:8      | Found a runed translucent gate.
 10460 | D:8      | Found a runed translucent gate.
 10460 | D:8      | Found a runed translucent gate.
 10460 | D:8      | Found a runed translucent gate.
 10460 | D:8      | Noticed a boulder beetle
 10460 | D:8      | Noticed a lindwurm
 10541 | D:9      | Paralysed by a hornet for 1 turns
 10739 | D:9      | Found a staircase to the Orcish Mines.
 10845 | D:9      | Found a staircase to the Lair.
 10865 | D:9      | Noticed an orange demon
 10879 | D:9      | Reached **** piety under Okawaru
 11950 | Lair:1   | Entered Level 1 of the Lair of Beasts
 11965 | D:9      | Reached XP level 11. HP: 99/99 MP: 8/17
 12048 | D:9      | Reached ***** piety under Okawaru
 12367 | Lair:1   | Learned a level 5 spell: Metabolic Englaciation
 12517 | D:10     | Entered Level 10 of the Dungeon
 12535 | D:10     | Reached skill level 1 in Hexes
 12557 | D:10     | Noticed Erolcha
 12799 | Lair:1   | Reached skill level 2 in Hexes
 12935 | Lair:1   | Reached skill level 10 in Dodging
 12972 | Lair:1   | Received a gift from Okawaru
 12975 | Lair:1   | Reached skill level 5 in Spellcasting
 13144 | Lair:1   | Reached skill level 10 in Short Blades
 13144 | Lair:1   | Reached skill level 3 in Hexes
 13224 | Lair:1   | Reached skill level 4 in Hexes
 13321 | Lair:1   | Noticed a catoblepas
 13341 | Lair:1   | Killed a catoblepas
 13341 | Lair:1   | Reached ****** piety under Okawaru
 13342 | Lair:1   | Reached XP level 12. HP: 110/110 MP: 12/19
 13416 | Lair:1   | Identified a scroll of acquirement
 13417 | Lair:1   | Acquired the +7 quick blade of the Powerful God {flame, rC+
                  | rCorr}
 13846 | Lair:1   | Reached skill level 5 in Hexes
 13996 | Lair:2   | Noticed Amaemon
 13996 | Lair:2   | Noticed a catoblepas
 14064 | Lair:2   | Identified the +1 dagger of Ohoczu {flame, rF+} (Okawaru
                  | gifted it to you on level 2 of the Lair of Beasts)
 14064 | Lair:2   | Received a gift from Okawaru
 14142 | Lair:2   | Found a gate leading to a gauntlet.
 14166 | Gauntlet | Entered a Gauntlet
 14166 | Gauntlet | Found a transporter.
 14226 | Gauntlet | Found a transporter.
 14239 | Gauntlet | Found a transporter.
 14241 | Gauntlet | Found a large runed translucent door.
 14241 | Gauntlet | Found a large runed translucent door.
 14242 | Gauntlet | Found a large runed translucent door.
 14242 | Gauntlet | Found a large runed translucent door.
 14243 | Gauntlet | Found a large runed translucent door.
 14243 | Gauntlet | Found a large runed translucent door.
 14243 | Gauntlet | Found a runed translucent door.
 14243 | Gauntlet | Found a runed translucent door.
 14243 | Gauntlet | Found a large runed translucent door.
 14244 | Gauntlet | Found a transporter.
 14257 | Gauntlet | Noticed a death yak
 14257 | Gauntlet | Noticed a death yak
 14258 | Gauntlet | Noticed a death yak
 14258 | Gauntlet | Noticed a death yak
 14259 | Gauntlet | Found a transporter.
 14259 | Gauntlet | Noticed a death yak
 14259 | Gauntlet | Noticed a death yak
 14274 | Gauntlet | Found a large runed translucent door.
 14275 | Gauntlet | Found a large runed translucent door.
 14276 | Gauntlet | Found a large runed translucent door.
 14276 | Gauntlet | Found a large runed translucent door.
 14277 | Gauntlet | Found a runed translucent gate.
 14278 | Gauntlet | Found a transporter.
 14278 | Gauntlet | Found a runed translucent gate.
 14279 | Gauntlet | Found a runed translucent gate.
 14280 | Gauntlet | Found a large runed translucent door.
 14280 | Gauntlet | Found a large runed translucent door.
 14281 | Gauntlet | Found a large runed translucent door.
 14282 | Gauntlet | Found a large runed translucent door.
 14282 | Gauntlet | Noticed a great orb of eyes
 14288 | Gauntlet | Found the +2 hood of the Assassin {Detect Stab+ Stlth++}
 14294 | Gauntlet | Found a transporter.
 14306 | Gauntlet | Noticed a hell hog
 14308 | Gauntlet | Found a transporter.
 14323 | Gauntlet | Found a transporter.
 14325 | Gauntlet | Noticed a balrug
 14332 | Gauntlet | Found a transporter.
 14338 | Gauntlet | Found a transporter.
 14338 | Gauntlet | Found a transporter.
 14372 | Gauntlet | Found a transporter.
 14374 | Gauntlet | Found a transporter.
 14449 | Gauntlet | Found a transporter.
 14480 | Gauntlet | Found a transporter.
 14514 | Gauntlet | Found a transporter.
 14516 | Gauntlet | Found a transporter.
 14712 | Gauntlet | Found a large runed translucent door.
 14720 | Gauntlet | Gained mutation: You do not regenerate when monsters are
                  | visible. [a neqoxec]
 15087 | Gauntlet | Noticed a minotaur
 15104 | Gauntlet | Killed a minotaur
 15112 | Gauntlet | Got the Almanac of Arctic Production
 15707 | Lair:2   | Received a gift from Okawaru
 15720 | Lair:2   | Killed Amaemon
 15923 | Lair:2   | Killed a catoblepas
 15951 | Lair:2   | Noticed octothorp's ghost (journeyman OgSh)
 16027 | Lair:2   | Found a transporter.
 16032 | Lair:2   | Found a transporter.
 16459 | Lair:2   | Killed octothorp's ghost
 16671 | Lair:3   | Found a frozen archway.
 16674 | Lair:3   | Lost mutation: You do not regenerate when monsters are
                  | visible. [potion of mutation]
 16674 | Lair:3   | Gained mutation: You have sharp fingernails. [potion of
                  | mutation]
 16674 | Lair:3   | Gained mutation: You are vulnerable to cold. (rC-) [potion
                  | of mutation]
 16674 | Lair:3   | Gained mutation: You are agile. (Dex +4, Str/Int -1)
                  | [potion of mutation]
 16698 | IceCv    | Entered an ice cave
 16720 | IceCv    | Learned a level 3 spell: Inner Flame
 16847 | IceCv    | Identified the +0 pair of boots of Jigsaw {+Blink rPois rC+
                  | Int+3} (Okawaru gifted it to you in an ice cave)
 16847 | IceCv    | Received a gift from Okawaru
 17410 | IceCv    | Reached XP level 13. HP: 116/116 MP: 16/20
 18435 | IceCv    | Reached skill level 6 in Hexes
 18672 | Lair:3   | Found a hole to the Spider Nest.
 18776 | Lair:3   | Found a staircase to the Shoals.
 19676 | Lair:4   | Received a gift from Okawaru
 20015 | Lair:4   | Reached skill level 5 in Stealth
 20112 | Lair:4   | Found a hide-covered altar of Uskayaw.
 20156 | Lair:4   | Learned a level 3 spell: Hailstorm
 20683 | Lair:5   | Entered Level 5 of the Lair of Beasts
 20895 | Lair:5   | Reached XP level 14. HP: 127/127 MP: 15/21
 20932 | Lair:5   | Identified the +3 rapier of Tegec {heavy, Will+ Dex+4}
                  | (Okawaru gifted it to you on level 5 of the Lair of Beasts)
 20932 | Lair:5   | Received a gift from Okawaru
 21068 | Lair:5   | Found a viscous altar of Jiyva.
 21068 | Lair:5   | Found a staircase to the Slime Pits.
 21895 | Lair:5   | Identified the +5 lajatang "Myda" {freeze, Str+2 Int-3
                  | Dex+3 SInv}
 22043 | Lair:5   | Reached skill level 5 in Invocations
 22316 | Lair:5   | Identified the scarf "Peme Zoa" {harm, rElec rF+ Will++}
                  | (Okawaru gifted it to you on level 5 of the Lair of Beasts)
 22316 | Lair:5   | Received a gift from Okawaru
 22744 | Lair:5   | Identified the +0 cloak "Weelimim" {rElec Str+4 Dex-2
                  | Stlth+}
 23485 | D:3      | Killed Maratek's ghost
 23488 | D:3      | Killed casual's ghost
 23491 | D:3      | Killed MrCrawl's ghost
 23497 | D:3      | Killed Shym's ghost
 23730 | Orc:1    | Entered Level 1 of the Orcish Mines
 24404 | Orc:2    | Entered Level 2 of the Orcish Mines
 24617 | Orc:2    | Found a staircase to the Elven Halls.
 24689 | Orc:2    | Found a runed translucent door.
 24690 | Orc:2    | Noticed Vorhees's ghost (journeyman GnWn)
 24769 | Orc:2    | Killed Vorhees's ghost
 24886 | Orc:2    | Found Faoloomeuty's Assorted Antiques.
 24894 | Orc:2    | Bought a steaming golden amulet for 165 gold pieces
 24894 | Orc:2    | Identified the amulet of Ythac {Reflect rC+ SH+5} (You
                  | bought it in a shop on level 2 of the Orcish Mines)
 25137 | Abyss:1  | Found a corrupted altar of Lugonu.
 25137 | Abyss:1  | Cast into level 1 of the Abyss (orc knight)
 25213 | Abyss:1  | Found a corrupted altar of Lugonu.
 25507 | Abyss:1  | Identified the +0 pair of gloves of Least Resistance {*Slow
                  | rElec Int+6 Stlth+} (Okawaru gifted it to you on level 1 of
                  | the Abyss)
 25507 | Abyss:1  | Received a gift from Okawaru
 25527 | Abyss:1  | Gained mutation: You are frail. (-10% HP) [a neqoxec]
 25529 | Abyss:1  | Reached XP level 15. HP: 123/123 MP: 22/22
 25529 | Abyss:1  | Lost mutation: You have sharp fingernails. [potion of
                  | mutation]
 25529 | Abyss:1  | Lost mutation: You are frail. (-10% HP) [potion of
                  | mutation]
 25529 | Abyss:1  | Lost mutation: You are vulnerable to cold. (rC-) [potion of
                  | mutation]
 25529 | Abyss:1  | Gained mutation: Your flesh is heat resistant. (rF+)
                  | [potion of mutation]
 25529 | Abyss:1  | Gained mutation: You have large cloven feet. [potion of
                  | mutation]
 25674 | Abyss:1  | Reached XP level 16. HP: 56/141 MP: 15/23
 26137 | Abyss:1  | Found a corrupted altar of Lugonu.
 26182 | Abyss:1  | Found a hazy altar of Hepliaklqana.
 26193 | Abyss:1  | Found a corrupted altar of Lugonu.
 26194 | Abyss:1  | Found a corrupted altar of Lugonu.
 26194 | Abyss:1  | Found a corrupted altar of Lugonu.
 26202 | Abyss:1  | Noticed a tentacled starspawn
 26215 | Abyss:1  | Killed a tentacled starspawn
 26231 | Orc:2    | Escaped the Abyss
 26847 | Orc:2    | Found Hoimiet's Book Boutique.
 26850 | Orc:2    | Found Inuxkir's Armour Shop.
 26851 | Orc:2    | Found Ximaedai's Weapon Boutique.
 26852 | Orc:2    | Found Wuecenk's Assorted Antiques.
 26889 | Orc:2    | Bought a scroll of fog for 124 gold pieces
 27307 | D:10     | Killed Erolcha
 27705 | D:10     | Found the +8 Vampire's Tooth {megavamp}
 28053 | D:10     | Found a portal to a secret trove of treasure.
 28782 | D:11     | Reached skill level 1 in Shields
 28895 | D:11     | Found a runed translucent door.
 28912 | D:11     | Identified the staff "Kuqejed" {rF+ rC+ SInv Stlth+ Ice}
 29019 | D:11     | Identified the +5 chain mail of the Great Game {rPois
                  | Regen+ Int-5 Stlth+}
 29160 | D:11     | Noticed a sphinx
 29172 | D:11     | Killed a sphinx
 29172 | D:11     | Received a gift from Okawaru
 29173 | D:11     | Reached skill level 10 in Stealth
 29177 | D:11     | Reached skill level 15 in Fighting
 29325 | D:11     | Reached skill level 1 in Evocations
 29356 | D:11     | Identified the amulet "Vualo" {Acrobat Drain Str+9 Int-3
                  | Stlth+}
 29537 | D:11     | Got the Writings on Vile Firn
 29586 | D:11     | Reached skill level 10 in Invocations
 29621 | D:11     | Identified the +11 battleaxe of Cetejipe {freeze, Str+5
                  | Dex+3 Stlth+}
 30159 | D:12     | Reached skill level 5 in Shields
 30758 | D:13     | Found a transporter.
 30762 | D:13     | Found a transporter.
 30762 | D:13     | Noticed eelars's ghost (journeyman DESu)
 30943 | D:13     | Identified the +4 scimitar "Seorph" {venom, Will+}
 31351 | D:14     | Got the Compilation of the Farmer
 31446 | D:14     | Identified the scarf of a volcano {rC+ rF+, Drain rN++}
                  | (Okawaru gifted it to you on level 14 of the Dungeon)
 31446 | D:14     | Received a gift from Okawaru
 31632 | D:14     | Reached XP level 17. HP: 140/156 MP: 17/24
 31827 | D:14     | Found a glowing silver altar of Zin.
 32023 | D:14     | Found a gate to the Vaults.
 32075 | D:15     | Entered Level 15 of the Dungeon
 32155 | D:15     | Found a staircase to the Depths.
 32567 | D:15     | Reached skill level 10 in Shields
 32889 | Spider:1 | Entered Level 1 of the Spider Nest
 32889 | Spider:1 | Noticed Kirke
 32893 | Spider:1 | Killed Kirke
 33954 | Spider:1 | Identified the +2 pair of boots "Lesofeg" {Str+2} (Okawaru
                  | gifted it to you on level 1 of the Spider Nest)
 33954 | Spider:1 | Received a gift from Okawaru
 34563 | Elf:1    | Entered Level 1 of the Elven Halls
 34706 | Elf:1    | Found Hewniec's Antique Armour Shoppe.
 34708 | Elf:1    | Found Toimodwe's Antique Weapon Emporium.
 34710 | Elf:1    | Found Hokk's Distillery.
 34727 | Elf:1    | Bought a potion of haste for 150 gold pieces
 34727 | Elf:1    | Bought a potion of might for 60 gold pieces
 34727 | Elf:1    | Bought a potion of might for 60 gold pieces
 34727 | Elf:1    | Bought a potion of might for 60 gold pieces
 34727 | Elf:1    | Bought a potion of might for 60 gold pieces
 34727 | Elf:1    | Bought a potion of mutation for 120 gold pieces
 34727 | Elf:1    | Bought 2 potions of heal wounds for 150 gold pieces
 34809 | Elf:1    | Learned a level 7 spell: Enfeeble
 35133 | Elf:1    | Reached skill level 7 in Hexes
 35272 | Elf:1    | Reached skill level 8 in Hexes
 35739 | Elf:2    | Found Aneokuas's Book Boutique.
 35766 | Elf:1    | Found a radiant altar of Vehumet.
 35799 | Elf:2    | Reached skill level 9 in Hexes
 36138 | Elf:2    | Reached skill level 10 in Hexes
 36139 | Elf:2    | Paralysed by an air elemental for 1 turns
 36582 | Elf:2    | Reached skill level 11 in Hexes
 36587 | Elf:2    | Reached XP level 18. HP: 125/163 MP: 22/25
 36591 | Elf:2    | Received a gift from Okawaru
 36621 | Elf:2    | Found a runed translucent gate.
 36623 | Elf:2    | Found a runed translucent gate.
 36623 | Elf:2    | Found a runed translucent gate.
 37163 | Shoals:1 | Entered Level 1 of the Shoals
 37358 | Shoals:1 | You fall into a shaft and drop 1 floor!
 37375 | Shoals:2 | Reached skill level 12 in Hexes
 37469 | Shoals:1 | Noticed Josephine
 37479 | Shoals:1 | Killed Josephine
 38231 | Shoals:2 | Reached skill level 13 in Hexes
 38608 | Shoals:2 | Received a gift from Okawaru
 39002 | Shoals:2 | Reached skill level 14 in Hexes
 39691 | Spider:2 | Noticed Frances
 39716 | Spider:1 | Killed Frances
 39717 | Spider:1 | Reached skill level 1 in Fire Magic
 40021 | Spider:2 | Identified the +9 dagger of Tupoic {venom, rElec Will-
                  | Str+3} (Okawaru gifted it to you on level 2 of the Spider
                  | Nest)
 40021 | Spider:2 | Received a gift from Okawaru
 41063 | Spider:3 | Found the +7 Throatcutter {drain, coup de grace}
 41118 | Spider:3 | Reached skill level 15 in Hexes
 41474 | Spider:3 | Found a transporter.
 41474 | Spider:3 | Noticed Nacwyfagh's ghost (adept MiFi)
 41475 | Spider:3 | Noticed Mara
 41494 | Spider:3 | Noticed motkurizz's illusion
 42392 | Elf:2    | Bought a manual of Shields for 1360 gold pieces
 43371 | Shoals:3 | Noticed Polyphemus
 43411 | Shoals:3 | Killed Polyphemus
 43422 | Shoals:3 | Reached skill level 16 in Hexes
 43734 | Shoals:3 | Received a gift from Okawaru
 43906 | Shoals:3 | Reached XP level 19. HP: 170/170 MP: 6/29
 44163 | Shoals:3 | Noticed Ilsuiw
 44169 | Shoals:3 | Reached skill level 17 in Hexes
 44236 | Shoals:3 | Killed Ilsuiw
 44903 | Shoals:3 | Found Zysyimif's General Store.
 45036 | Shoals:4 | Entered Level 4 of the Shoals
 45482 | Shoals:4 | Identified the +1 quarterstaff of Arrival {flame, Str+3
                  | Int+3} (Okawaru gifted it to you on level 4 of the Shoals)
 45482 | Shoals:4 | Received a gift from Okawaru
 45803 | Shoals:4 | Reached skill level 18 in Hexes
 46396 | Shoals:4 | Got a barnacled rune of Zot
 46825 | Spider:3 | Noticed motkurizz's illusion
 46854 | Spider:3 | Killed Mara
 47126 | Spider:3 | Found a transporter.
 47432 | Spider:4 | Entered Level 4 of the Spider Nest
 47819 | Spider:4 | Identified the +11 short sword "Deleh" {heavy, rPois rCorr
                  | SInv Stlth+} (Okawaru gifted it to you on level 4 of the
                  | Spider Nest)
 47819 | Spider:4 | Received a gift from Okawaru
 49318 | Spider:4 | Got a gossamer rune of Zot
 49719 | Vaults:1 | Entered Level 1 of the Vaults
 49721 | Vaults:1 | Identified the +1 hat of motkurizz's Valiance {rElec rF+
                  | Int+4} (Okawaru gifted it to you on level 1 of the Vaults)
 49721 | Vaults:1 | Received a gift from Okawaru
 49958 | Vaults:1 | Acquired 1227 gold pieces
 49979 | Vaults:1 | Reached XP level 20. HP: 157/158 MP: 33/33
 50726 | Vaults:1 | Identified the +0 plate armour "Plog" {*Corrode rN+ Int+4}
 51043 | Vaults:1 | Reached skill level 10 in Spellcasting
 51512 | Vaults:1 | Found Miroy's Magic Scroll Boutique.
 51518 | Vaults:1 | Bought a scroll of teleportation for 45 gold pieces
 51518 | Vaults:1 | Bought a scroll of silence for 142 gold pieces
 51518 | Vaults:1 | Bought a scroll of blinking for 112 gold pieces
 52126 | Vaults:2 | Found Zizxenuph's Distillery.
 52132 | Vaults:2 | Bought a potion of might for 68 gold pieces
 52132 | Vaults:2 | Bought a potion of mutation for 136 gold pieces
 52132 | Vaults:2 | Bought a potion of might for 68 gold pieces
 52132 | Vaults:2 | Bought 2 potions of haste for 340 gold pieces
 52153 | Vaults:2 | Found Lyhonu's Assorted Antiques.
 52196 | Vaults:2 | Received a gift from Okawaru
 52365 | Vaults:2 | Identified the ring "Muithrijo" {+Blink rPois rC+}
 52584 | Vaults:2 | Found a staircase to the Crypt.
 52584 | Vaults:2 | Found a basalt altar of Yredelemnul.
 52585 | Vaults:2 | Found an ancient bone altar of Kikubaaqudgha.
 52619 | Vaults:2 | Found Caqinos's General Store.
 52715 | Vaults:2 | Reached skill level 15 in Shields
 53469 | Vaults:2 | Found Xoyps's Antique Weapon Shop.
 53570 | Vaults:2 | Found Inenot Upto's General Store.
 53732 | Vaults:2 | Received a gift from Okawaru
 54128 | Vaults:3 | Found a magical portal.
 54137 | WizLab   | Entered Zonguldrok's Shrine
 54858 | WizLab   | Noticed an antique lich
 54859 | WizLab   | Found the +9 sword of Zonguldrok {reap}
 54879 | WizLab   | Killed an antique lich
 54919 | WizLab   | Learned a level 4 spell: Cause Fear
 55335 | Vaults:3 | Reached XP level 21. HP: 140/190 MP: 29/36
 56099 | Vaults:3 | Found a transporter.
 56111 | Vaults:3 | Found a transporter.
 56214 | Vaults:4 | Received a gift from Okawaru
 56285 | Vaults:4 | Learned a level 8 spell: Discord
 56459 | Vaults:4 | Noticed Bai Suzhen
 56497 | Vaults:4 | Killed Bai Suzhen
 56812 | Vaults:4 | Reached skill level 15 in Dodging
 57354 | Vaults:4 | Identified the +0 hat "Qiyvemne" {rElec}
 57362 | Vaults:4 | Found a radiant altar of Vehumet.
 57383 | Vaults:4 | Identified the +3 robe of Eternal Vigilance {Str-2 Dex+4}
 57385 | Vaults:4 | Identified the +2 hat of Hospitality {Harm Drain rN++}
 58168 | Elf:3    | Entered Level 3 of the Elven Halls
 58378 | Elf:3    | Received a gift from Okawaru
 58699 | Elf:3    | Found Kimiyss's Weapon Shoppe.
 59943 | Elf:3    | Identified the ring "Conaphid" {rElec rN+ Dex+6}
 59953 | Elf:3    | Identified the +6 long sword of the Furious {flame, rElec
                  | Int-2 Dex+3}
 60007 | Elf:3    | Reached XP level 22. HP: 178/202 MP: 18/38
 60191 | Elf:3    | Identified the amulet of Foqo {Faith rF- rN++ Regen+
                  | Slay+3}
 60218 | Elf:3    | Identified the +10 glaive of Eternal Vigilance {speed,
                  | rPois}
 60579 | Elf:3    | Identified the staff "Uqoifubb" {rPois Int+6 Stlth- Fire
                  | Earth}
 61018 | Depths:1 | Entered Level 1 of the Depths
 61018 | Depths:1 | Noticed the Enchantress
 61439 | D:14     | Killed the Enchantress
 61690 | Depths:1 | Found a flickering gateway to a bazaar.
 61692 | Depths:1 | Found a broken altar of Ashenzari.
 61712 | Bazaar   | Entered a bazaar
 61712 | Bazaar   | Found Ewusakh's Jewellery Boutique.
 61712 | Bazaar   | Found Apaozx Hauca's Magic Scroll Shoppe.
 61712 | Bazaar   | Found Xar Jupp's Antique Weapon Shop.
 61712 | Bazaar   | Found Suguulem's Weapon Shoppe.
 61714 | Bazaar   | Found Wodoa's Antique Weapon Emporium.
 61801 | Bazaar   | Bought a scroll of enchant armour for 75 gold pieces
 61801 | Bazaar   | Bought a scroll of blinking for 75 gold pieces
 61801 | Bazaar   | Bought a scroll of blinking for 75 gold pieces
 61801 | Bazaar   | Bought a scroll of fear for 40 gold pieces
 61801 | Bazaar   | Bought a scroll of enchant armour for 75 gold pieces
 61801 | Bazaar   | Bought a scroll of blinking for 75 gold pieces
 61801 | Bazaar   | Bought a scroll of vulnerability for 40 gold pieces
 61938 | Depths:1 | Found a one-way gate leading to the halls of Pandemonium.
 62116 | Depths:1 | Identified the ring of the Visionary {rPois rF+ EV+5}
 62149 | Depths:1 | Found a gateway to Hell.
 62327 | Depths:1 | Found a burning altar of Makhleb.
 62329 | Depths:1 | Found a shimmering blue altar of Sif Muna.
 62329 | Depths:1 | Found a shimmering altar of Xom.
 62331 | Depths:1 | Found an ornate altar of the Wu Jian Council.
 62331 | Depths:1 | Found an ornate altar of the Wu Jian Council.
 62331 | Depths:1 | Found an ancient bone altar of Kikubaaqudgha.
 62748 | Depths:2 | Reached skill level 19 in Hexes
 62756 | Depths:2 | Received a gift from Okawaru
 63061 | Depths:2 | Found a one-way gate to the infinite horrors of the Abyss.
 63249 | Depths:2 | Identified the +0 pair of boots "Nishranlo" {MP+9 Str+4
                  | Dex+2} (Okawaru gifted it to you on level 2 of the Depths)
 63249 | Depths:2 | Received a gift from Okawaru
 63393 | Depths:2 | Paralysed by a floating eye for 2 turns
 63413 | Depths:2 | Reached skill level 20 in Hexes
 63426 | Depths:2 | Noticed a golden dragon
 63441 | Depths:2 | Killed a golden dragon
 63625 | Depths:2 | Found a white marble altar of Elyvilon.
 64382 | Depths:2 | Found a runed translucent gate.
 64382 | Depths:2 | Found a runed translucent gate.
 64382 | Depths:2 | Found a runed translucent gate.
 64382 | Depths:2 | Found a viscous altar of Jiyva.
 64382 | Depths:2 | Noticed Gaexku's ghost (veteran DrSh)
 64602 | Depths:3 | Reached skill level 21 in Hexes
 64778 | Arena    | Entered the Arena
 64974 | Depths:3 | Reached XP level 23. HP: 209/209 MP: 39/39
 65128 | Depths:3 | Noticed Louise
 65133 | Depths:3 | Killed Louise
 65175 | Depths:3 | Paralysed by a floating eye for 3 turns
 65184 | Depths:3 | Paralysed by a floating eye for 2 turns
 65242 | Depths:3 | Received a gift from Okawaru
 65764 | Depths:4 | Entered Level 4 of the Depths
 65808 | Depths:4 | Reached skill level 22 in Hexes
 66030 | Depths:4 | Found a one-way gateway to a ziggurat.
 66274 | Depths:4 | Found Rotunic's Jewellery Emporium.
 66522 | Depths:4 | Identified the +1 pair of boots of the Playwright {Rampage}
                  | (Okawaru gifted it to you on level 4 of the Depths)
 66522 | Depths:4 | Received a gift from Okawaru
 66724 | Depths:4 | Reached skill level 23 in Hexes
 67163 | Depths:4 | Identified the +2 quarterstaff of the Maze {elec, Str+2
                  | Dex+4}
 67380 | Depths:4 | Found a gate to the Realm of Zot.
 67876 | Vaults:3 | Received a gift from Okawaru
 67894 | Vaults:3 | Identified the +4 sling "Tuommoijep" {heavy, *Corrode
                  | Will++ SInv}
 67898 | Vaults:3 | Identified the ring of the Empty Page {rElec rCorr Dex-4
                  | SInv}
 69248 | Depths:2 | Received a gift from Okawaru
 69348 | Depths:2 | Killed Gaexku's ghost
 69374 | Depths:2 | Got Ojinun's Cyclopedia of the Singularity
 70106 | Spider:3 | Reached XP level 24. HP: 189/221 MP: 39/39
 70117 | Spider:3 | Killed Nacwyfagh's ghost
 70129 | Spider:3 | Identified the +1 pair of boots "Fiyd" {rF+ Int-5 Dex+6}
 70678 | Vaults:5 | Entered Level 5 of the Vaults
 70769 | Vaults:5 | Received a gift from Okawaru
 71030 | Vaults:5 | Noticed Sojobo
 71044 | Vaults:5 | Paralysed by an air elemental for 1 turns
 71080 | Vaults:5 | Paralysed by an air elemental for 1 turns
 71082 | Arena    | Entered the Arena
 71091 | Arena    | Killed Sojobo
 71453 | Vaults:5 | Identified the +8 dagger of the Middle {drain, rElec}
                  | (Okawaru gifted it to you on level 5 of the Vaults)
 71453 | Vaults:5 | Received a gift from Okawaru
 71566 | Vaults:5 | Identified the +2 robe of Makhleb's Approval {Regen+ Str+3
                  | Int+5}
 71709 | Vaults:5 | Noticed Saint Roka
 71722 | Vaults:5 | Noticed an ancient lich
 71737 | Vaults:5 | Noticed an ancient lich
 71738 | Vaults:5 | Killed Saint Roka
 71747 | Vaults:5 | Killed an ancient lich
 71747 | Vaults:5 | Killed an ancient lich
 71758 | Vaults:5 | Noticed a dread lich
 71773 | Vaults:5 | Killed a dread lich
 71773 | Vaults:5 | Identified the +1 pair of boots of Okawaru's Delight {rC+
                  | MP+9} (Okawaru gifted it to you on level 5 of the Vaults)
 71773 | Vaults:5 | Received a gift from Okawaru
 72431 | Vaults:5 | Got a silver rune of Zot
 72913 | Zot:1    | Entered Level 1 of the Realm of Zot
 73036 | Zot:1    | Noticed Grunn
 73048 | Zot:1    | Killed Grunn
 73659 | Zot:1    | Learned a level 5 spell: Yara's Violent Unravelling
 73663 | Zot:1    | Learned a level 3 spell: Dazzling Flash
 74111 | Zot:2    | Reached XP level 25. HP: 231/231 MP: 40/40
 74253 | Zot:2    | Noticed Parghit
 74271 | Zot:2    | Killed Parghit
 74464 | Zot:2    | Received a gift from Okawaru
 75452 | Zot:3    | Received a gift from Okawaru
 76475 | Zot:4    | Noticed an orb of fire
 76487 | Zot:4    | Gained mutation: You occasionally lose the ability to drink
                  | potions when taking damage. [an orb of fire]
 76496 | Zot:4    | Killed an orb of fire
 76574 | Zot:4    | Noticed an orb of fire
 76592 | Zot:4    | Killed an orb of fire
 76607 | Zot:4    | Reached skill level 15 in Stealth
 76628 | Zot:4    | Reached skill level 15 in Short Blades
 76629 | Zot:4    | Received a gift from Okawaru
 77437 | Zot:5    | Entered Level 5 of the Realm of Zot
 77866 | Zot:5    | Noticed an orb of fire
 77869 | Zot:5    | Noticed an orb of fire
 77873 | Zot:5    | Gained mutation: You are weak. (Str -2) [an orb of fire]
 78023 | Zot:5    | Noticed an ancient lich
 78038 | Zot:5    | Noticed a dread lich
 78047 | Zot:5    | Killed an ancient lich
 78051 | Zot:5    | Noticed a Killer Klown
 78056 | Zot:5    | Noticed a Killer Klown
 78058 | Zot:5    | Noticed a Killer Klown
 78060 | Zot:5    | Noticed an ancient lich
 78063 | Zot:5    | Killed a dread lich
 78068 | Zot:5    | Killed a Killer Klown
 78076 | Zot:5    | Killed an ancient lich
 78077 | Zot:5    | Reached XP level 26. HP: 244/244 MP: 3/41
 78113 | Zot:5    | Lost mutation: You are agile. (Dex +4, Str/Int -1) [an orb
                  | of fire]
 78267 | Zot:5    | Gained mutation: You are dopey. (Int -2) [an orb of fire]
 78279 | Zot:5    | Killed an orb of fire
 78310 | Zot:5    | Noticed an ancient lich
 78329 | Zot:5    | Killed an ancient lich
 78357 | Zot:5    | Killed an orb of fire
 78357 | Zot:5    | Received a gift from Okawaru
 78696 | Zot:5    | Noticed an orb of fire
 78722 | Zot:5    | Killed an orb of fire
 78780 | Zot:5    | Identified the +9 orcbow of Sin {freeze, Str+2}
 78784 | Zot:5    | Identified the scarf "Dodaq" {repulsion, rN+ Will- Regen+
                  | Int+2} (Okawaru gifted it to you on level 5 of the Realm of
                  | Zot)
 78784 | Zot:5    | Received a gift from Okawaru
 78787 | Zot:5    | Noticed an ancient lich
 78810 | Zot:5    | Killed an ancient lich
 79292 | Zot:5    | Lost mutation: You occasionally lose the ability to drink
                  | potions when taking damage. [potion of mutation]
 79292 | Zot:5    | Lost mutation: You are dopey. (Int -2) [potion of mutation]
 79292 | Zot:5    | Gained mutation: Your mind is acute. (Int +4, Str/Dex -1)
                  | [potion of mutation]
 79295 | Zot:5    | Got the Orb of Zot
 79305 | Zot:5    | Noticed Bacu Umi the pandemonium lord
 79365 | Zot:4    | Noticed Aned the pandemonium lord
 79875 | D:$      | Escaped with the Orb!

Illustrated notes

Levels and vault maps discovered:
D:1:      dpeg_arrival_tiny_c, layout_basic, serial_corexii_hall,
          chequers_hall_statues_wall_a, corexii_hall_statues_x,
          corexii_hall_statues_l, corexii_hall_statues_x,
          chequers_hall_statues_corner_a, chequers_hall_statues_wall_a,
          shapermc_ecumenical_altar_acropolis
D:2:      layout_rooms, kennysheep_cross_room
D:3:      layout_loops_ring, gammafunk_ghost_cemetery, uniq_ijyb
D:4:      minmay_chambers_of_threes, layout_loops_ring, minmay_pentomino_pile,
          uniq_crazy_yiuf_cottage, uniq_natasha
D:5:      layout_cave_pods
D:6:      layout_cave_pools, grunt_temple_overflow_diamond,
          grunt_temple_overflow_lords_of_destruction, minmay_temple_entry_grid,
          serial_undead, serial_undead_a, serial_undead_f, serial_undead_b,
          serial_undead_b, enter_ossuary_3, portal_sewer_entry_d
D:7:      layout_loops_ring, grunt_dithmenos_smoke_and_mirrors, enter_bailey_4,
          nrook_loot_triangle, serial_bayou_crossing
D:8:      gammafunk_indiana_jones, layout_loops_ring
D:9:      layout_long_grid, dpeg_oklobed_lair, david_orc_3,
          nicolae_twisty_statue_hallways
D:10:     layout_layer_cave, enter_trove_3,
          minmay_guarded_unrand_vampires_tooth, uniq_erolcha
D:11:     minmay_tearing_corner, layout_gridville, serial_glass,
          glass_columns_a, glass_columns_a, minivault_13
D:12:     layout_basic
D:13:     layout_long_grid, gammafunk_ghost_mausoleum
D:14:     layout_rooms, skrybe_vaults_entry_preservation, lemuel_tele_altar,
          serial_glass, glass_columns_b, glass_columns_a
D:15:     grunt_enter_depths_hoard, layout_rooms
Temple:   kb_temple_of_zot
Lair:1:   layout_gridlike, beast_lair_carwin_7
Lair:2:   layout_roguey, serial_rivers, chequers_serial_rivers_micro_a,
          chequers_serial_rivers_room_a, chequers_serial_rivers_small_b,
          chequers_serial_rivers_marsh, gammafunk_ghost_hive,
          gauntlet_entry_generic, serial_bayou_shore_b,
          infiniplex_staircase_pool, uniq_amaemon
Lair:3:   layout_roguey [special_room_mythical_zoo],
          minmay_shoals_entry_centaurs, nicolae_spider_entry_non_spiders,
          portal_ice_cave_entry_pillars_1
Lair:4:   layout_hall_layers, basic_altar, beast_lair_carwin_5
Lair:5:   due_jungle_book, layout_gridlike, dpeg_slime_entry_enclosed,
          serial_rivers, chequers_serial_rivers_micro_e,
          chequers_serial_rivers_large_b, chequers_serial_rivers_micro_a,
          chequers_serial_rivers_micro_a, infiniplex_staircase_pool_2
Shoals:1: layout_shoals, uniq_josephine
Shoals:2: layout_shoals
Shoals:3: layout_shoals, serial_shops, nicolae_shop_statue_plus,
          uniq_polyphemus, uniq_ilsuiw
Shoals:4: shoals_end_hangedman, layout_shoals,
          nicolae_shoals_arrival_archipelago
Spider:1: layout_cave_pods, uniq_kirke
Spider:2: layout_chambers, drop_trap, uniq_frances
Spider:3: layout_spider_delve, gammafunk_ghost_arena, uniq_mara
Spider:4: spider_rune_water
Orc:1:    cheibrodos_orc_bank, layout_caves
Orc:2:    st_orc_pillars, layout_diamond_mine, serial_shops, shop, basic_altar,
          gammafunk_ghost_grave
Elf:1:    elf_arrival_001, layout_loops_ring, hangedman_elf_represent,
          minmay_shop_star, lemuel_upstairs_altar
Elf:2:    nicolae_elf_blades_crystal_corner, layout_geoelf_diagonals,
          serial_shops, shop, lemuel_elevator
Elf:3:    elf_hall, layout_onion_city, serial_shops, nicolae_lakefront_shop,
          drop_trap
Vaults:1: hangedman_vaults_stream, ontoclasm_vaults_twist,
          nicolae_vaults_trapezoid_layered, v_misc_11,
          nicolae_vaults_more_shelving_2, nicolae_vaults_angled_halls,
          nicolae_vaults_door_testing_chamber, vaults_dpeg_spiral,
          nicolae_vaults_tetromino_Z_1, vaults_standard_mumra_x,
          layout_vaults_omnicross, serial_shops, shop
Vaults:2: vaults_mumra_lcd, minmay_crypt_entry_necro_gods, vaults_room_hallway,
          nicolae_vaults_hallways_thing, nicolae_vaults_little_ls,
          grunt_vaults_bifocal, nicolae_vaults_network_quinsquares
          [nicolae_vaults_network_quincunx_subvault,
          nicolae_vaults_network_quincunx_subvault,
          nicolae_vaults_network_quincunx_subvault,
          nicolae_vaults_network_quincunx_subvault], nicolae_vaults_diamond_1,
          vaults_mumra_chevron_long, nicolae_vaults_angled_halls,
          vaults_dpeg_emergency_exit, nicolae_vaults_alarming,
          layout_vaults_omnigrid, serial_shops, shop, nicolae_diamond_shop,
          shop, nicolae_diamond_shop, shop
Vaults:3: mu_enter_wizlab_6, hangedman_vaults_pinch, nicolae_vaults_tangram_1,
          v_misc_11, ontoclasm_vaults_chip, nicolae_vaults_turnstiles,
          gammafunk_sealed_arena, vaults_room_boxed,
          nicolae_vaults_circle_grid_a, ontoclasm_vaults_spin,
          layout_vaults_ring
Vaults:4: nicolae_vaults_tetromino_Z_1, hangedman_vaults_variations,
          nicolae_vaults_six-pack, nicolae_vaults_weapon_check,
          grunt_tower_of_power, nicolae_vaults_swerve,
          nicolae_vaults_three_branches, nicolae_vaults_stairing_the_circle,
          vaults_room_corners, ontoclasm_vaults_ring_large,
          nicolae_vaults_double_plus_1, nicolae_vaults_little_squares_6,
          nicolae_vaults_little_squares_4, ontoclasm_vaults_misaligned,
          layout_vaults_maze_bifur, uniq_bai_suzhen
Vaults:5: serial_shops, uniq_saint_roka, uniq_sojobo
Depths:1: layout_cross, hellmouth_3, rand_demon_pan_entry_8,
          marbit_kobold_abyss_entry, ashenzari_altar_1, serial_shops,
          bzr_entry_lakeside, doesnt_xom_only_xom, uniq_enchantress
Depths:2: minmay_the_grid_3x3 [minmay_the_grid_artifice, minmay_the_grid_garden,
          minmay_the_grid_odd_star, minmay_the_grid_broken_lines,
          minmay_the_grid_minigrid_small_alt, minmay_the_grid_expand,
          minmay_the_grid_eight, minmay_the_grid_stretched_grid,
          minmay_the_grid_prize_four_corners_diamond_a], layout_cave_pools,
          abyss_entry, grunt_mini_vestibule, rand_demon_pan_entry_3,
          gammafunk_ghost_ooze, elyvilon_altar_4
Depths:3: kennysheep_bubbly, layout_small_grid, grunt_hell_entry_dis_old,
          nicolae_abyss_entry_one_way_or_another, serial_bayou_shore_a
Depths:4: lemuel_castle_with_subvaults [lemuel_castle_interior_carwin_3],
          layout_small_grid, enter_ziggurat_e, hangedman_decor_points,
          serial_shops, shop, hell_entry, nicolae_twisting_strands,
          nrook_campfire, serial_bayou_ford_a, kennysheep_random_hallway
Zot:1:    layout_twisted_circle, uniq_grunn
Zot:2:    kennysheep_spiral_hall, layout_gridlike, uniq_parghit
Zot:3:    layout_onion, grunt_ministairs_4, bh_zot_ikea_curve,
          grunt_megastairs_4
Zot:4:    layout_misc_corridors
Zot:5:    layout_misc_corridors

Skill      XL: |  1  2  3  4  5  6  7  8  9 10 11 12 13 14 15 16 17 18 19 20 21 22 23 24 25 26 |
---------------+-------------------------------------------------------------------------------+-----
Spellcasting   | 3 4 5 7 9 11 12 13 14 | 14.0
Ice Magic      | 5 6 7 9 |  9.0
Fighting       | 3 6 7 8 9 10 11 12 13 14 15 16 18 19 20 21 | 21.6
Dodging        | 2 4 5 9 10 11 12 13 14 15 16 20 21 | 21.5
Stealth        | 2 5 8 10 11 12 13 14 15 16 | 16.1
Short Blades   | 4 7 8 10 12 14 15 16 | 16.1
Invocations    | 3 4 7 8 10 11 | 11.0
Hexes          | 4 5 6 11 16 18 21 23 | 23.0
Shields        | 7 12 13 15 17 18 19 20 21 | 21.3
Evocations     | 4 |  4.0
Fire Magic     | 1 |  1.0

Action                     |  1- 3 |  4- 6 |  7- 9 | 10-12 | 13-15 | 16-18 | 19-21 | 22-24 | 25-27 || total
---------------------------+-------+-------+-------+-------+-------+-------+-------+-------+-------++-------
  Melee: Unarmed           |     2 |       |     7 |       |       |       |       |       |       ||     9
         Tailslap          |     4 |     5 |    61 |   165 |   508 |  1174 |  1265 |  1097 |   457 ||  4736
         Whip              |     2 |       |       |       |       |       |       |       |       ||     2
         Dagger            |    23 |    59 |    47 |       |       |       |       |       |       ||   129
         Short sword       |       |       |   308 |   378 |       |       |       |       |       ||   686
         Punch             |       |       |    10 |    16 |    39 |    26 |       |       |       ||    91
         Rapier            |       |       |       |    60 |       |       |       |       |       ||    60
         Quick blade       |       |       |       |   340 |  2141 |  4624 |  4607 |  3502 |  1492 || 16706
   Fire: Orcbow            |       |     9 |    53 |       |       |       |       |       |       ||    62
         Sling             |       |       |     7 |    53 |    26 |       |       |       |       ||    86
  Throw: Stone             |     3 |     5 |     2 |     1 |       |       |       |       |       ||    11
         Dart              |       |       |     1 |     4 |     1 |       |       |       |       ||     6
         Boomerang         |       |       |       |     2 |       |       |       |       |       ||     2
         Throwing net      |       |       |       |     2 |     1 |       |       |       |       ||     3
   Cast: Freeze            |    46 |    20 |    42 |    47 |     5 |     7 |       |     3 |       ||   170
         Ozocubu's Armour  |     5 |     9 |    24 |    70 |    45 |    67 |    22 |     5 |       ||   247
         Frozen Ramparts   |     4 |    14 |    26 |    69 |    49 |    74 |    33 |     6 |       ||   275
         Inner Flame       |       |       |       |    12 |    15 |    18 |    34 |     2 |       ||    81
         Metabolic Englaci |       |       |       |     1 |    16 |     1 |     1 |     1 |       ||    20
         Enfeeble          |       |       |       |       |       |     9 |   133 |   160 |    66 ||   368
         Discord           |       |       |       |       |       |       |       |    30 |    29 ||    59
         Yara's Violent Un |       |       |       |       |       |       |       |       |     3 ||     3
 Invoke: Heroism           |       |       |       |     2 |     1 |     7 |     2 |     5 |     6 ||    23
         Finesse           |       |       |       |     1 |     1 |     1 |       |       |     2 ||     5
         Duel              |       |       |       |       |       |       |       |     2 |       ||     2
Ability: Breathe Dispellin |       |       |     5 |     4 |     7 |    18 |     8 |     3 |     3 ||    48
         Evoke Blink       |       |       |       |     1 |       |       |       |       |       ||     1
  Evoke: Wand              |       |       |     4 |     1 |     2 |    19 |     2 |     4 |     2 ||    34
         Condenser vane    |       |       |       |       |     1 |     3 |     2 |     1 |       ||     7
         Phial of floods   |       |       |       |       |       |     2 |       |     1 |       ||     3
    Use: Scroll            |       |     2 |     8 |     7 |     5 |    18 |    19 |     9 |     3 ||    71
         Potion            |       |     1 |       |     3 |     5 |     6 |     5 |    11 |    16 ||    47
   Stab: Sleeping          |     2 |     5 |     8 |     2 |    16 |    61 |    70 |    30 |    12 ||   206
         Held in net/web   |       |       |       |     6 |       |     2 |       |       |       ||     8
         Distracted        |       |       |       |       |     4 |     5 |     2 |    21 |     5 ||    37
         Confused          |       |       |       |       |       |     2 |       |       |       ||     2
         Invisible         |       |       |       |       |       |    17 |   172 |   162 |    59 ||   410
         Petrifying        |       |       |       |       |       |     1 |       |       |       ||     1
         Paralysed         |       |       |       |       |       |       |       |     2 |       ||     2
 Armour: Skin              |     9 |    29 |    92 |   153 |   203 |   433 |   446 |   158 |    65 ||  1588
  Dodge: Dodged            |    27 |    55 |   259 |   495 |   604 |  1488 |  1660 |  1011 |   383 ||  5982
  Block: Other             |       |       |       |    32 |    27 |    36 |       |       |       ||    95
         Reflection        |       |       |       |     1 |     1 |    62 |    66 |    27 |     8 ||   165
         Kite shield       |       |       |       |       |       |  1587 |  2042 |       |       ||  3629
         Tower shield      |       |       |       |       |       |       |    92 |  2261 |   797 ||  3150

Table legend: (Time is in decaauts)
 A = Elapsed time spent in this place.
 B = Non-inter-level travel time spent in this place.
 C = Inter-level travel time spent in this place.
 D = Time resting spent in this place.
 E = Time spent auto-exploring this place.
 F = Levels seen in this place.
 G = Mean time per level.
                   A        B        C        D        E       F      G
               +--------+--------+--------+--------+--------+-----+--------+
         Total |  76743 |  67962 |   8781 |   5268 |  40130 |  57 | 1346.4 |
       Dungeon |  20123 |  16306 |   3817 |   1683 |   9420 |  15 | 1341.5 |
        Temple |     46 |      7 |     39 |      0 |      0 |   1 |   46.0 |
          Lair |   7892 |   6786 |   1106 |    276 |   4685 |   5 | 1578.4 |
        Shoals |   6453 |   6066 |    387 |     95 |   4049 |   4 | 1613.2 |
   Spider Nest |   6256 |   5782 |    474 |    731 |   3228 |   4 | 1564.0 |
  Orcish Mines |   2465 |   1899 |    566 |     68 |   1096 |   2 | 1232.5 |
   Elven Halls |   5670 |   5202 |    468 |    690 |   2704 |   3 | 1890.0 |
        Vaults |   9666 |   8458 |   1208 |    388 |   5381 |   5 | 1933.2 |
        Depths |   6221 |   5766 |    455 |      0 |   3788 |   4 | 1555.2 |
           Zot |   6088 |   5830 |    258 |    260 |   4034 |   5 | 1217.6 |
         Abyss |    983 |    983 |      0 |    103 |    299 |   1 |  983.0 |
        Bazaar |     98 |     98 |      0 |      0 |     85 |   1 |   98.0 |
         Sewer |    323 |    323 |      0 |      0 |     21 |   1 |  323.0 |
        Bailey |    655 |    655 |      0 |    279 |     96 |   1 |  655.0 |
      Ice Cave |   1959 |   1959 |      0 |    388 |   1002 |   1 | 1959.0 |
        Wizlab |    739 |    739 |      0 |     37 |    138 |   1 |  739.0 |
      Gauntlet |   1033 |   1033 |      0 |    269 |    101 |   1 | 1033.0 |
         Arena |     67 |     67 |      0 |      0 |      0 |   2 |   33.5 |
               +--------+--------+--------+--------+--------+-----+--------+

Top non-repeatable levels by time:
   Elf:3: 2597 daAuts
Vaults:1: 2577 daAuts
     D:9: 2308 daAuts
Vaults:2: 2172 daAuts
Depths:2: 1991 daAuts
  Lair:5: 1991 daAuts
     D:4: 1985 daAuts
   IceCv: 1959 daAuts
Depths:4: 1928 daAuts
Spider:2: 1900 daAuts
Spider:4: 1856 daAuts
    D:11: 1834 daAuts
  Lair:1: 1784 daAuts
Vaults:5: 1777 daAuts
     D:8: 1763 daAuts
